 Dungeon Crawl Stone Soup version 0.26-a0-365-g11c2b627af (webtiles) character file.

Game seed: 15813328261747364192

17 Glokmah the Sneak (level 2, -1/13 HPs)
             Began as a Vine Stalker Enchanter on July 19, 2020.
             Slain by a hobgoblin
             ... wielding a +0 club
              (3 damage)
             ... on level 1 of the Dungeon.
             The game lasted 00:01:34 (670 turns).

Glokmah the Sneak (Vine Stalker Enchanter)           Turns: 670, Time: 00:01:34

Health: -1/13      AC:  3    Str: 10    XL:     2   Next: 62%
Magic:  0/6        EV: 12    Int: 15    God:
Gold:   17         SH:  0    Dex: 14    Spells: 2/5 levels left

rFire    . . .     SeeInvis .   a - +1 dagger
rCold    . . .     Faith    .   (no shield)
rNeg     . . .     Spirit   +   b - +0 robe
rPois    .         Reflect  .   h - +0 helmet
rElec    .         Harm     .   (no cloak)
rCorr    .                      (no gloves)
MR       .....                  (no boots)
Stlth    ++........             (no amulet)
HPRegen  0.04/turn              (no ring)
MPRegen  0.10/turn              (no ring)

@: flying, very slightly contaminated
A: fangs 2, magic shield, antimagic bite, no potion heal 3, rot immunity
a: no special abilities


You were on level 1 of the Dungeon.
You visited 1 branch of the dungeon, and saw 1 of its levels.

You collected 17 gold pieces.

Inventory:

Hand Weapons
 a - a +1 dagger (weapon)
Armour
 b - a +0 robe (worn)
 d - a +0 tower shield
 h - a +0 helmet (worn)
Scrolls
 e - a scroll of teleportation {unknown}
 f - a scroll of identify {unknown}
 g - a scroll of enchant armour {unknown}


   Skills:
 + Level 0.2 Fighting
 * Level 1.3 Short Blades
 + Level 1.8 Dodging
 + Level 3.8 Stealth
 + Level 2.3 Spellcasting
 * Level 3.2 Hexes
 + Level 0.0 Ice Magic


You had 2 spell levels left.
You knew the following spells:

 Your Spells              Type           Power        Failure   Level
a - Corona                Hex            ##.....      6%          1
b - Ensorcelled Hibernat  Hex/Ice        #.....       17%         2

Your spell library contained the following spells:

 Spells                   Type           Power        Failure   Level
 Confusing Touch          Hex            ##......     17%         3
 Tukima's Dance           Hex            ##......     17%         3
 Dazzling Flash           Conj/Hex       #.....       32%         3


Dungeon Overview and Level Annotations

Branches:
Dungeon (1/15)

Altars:


Innate Abilities, Weirdness & Mutations

You have extremely sharp teeth.
When hurt, damage is shared between your health and your magic reserves.
Your bite disrupts and absorbs the magic of your enemies.
Potions cannot restore your health.
You are immune to rotting.


Message History

You hit the leopard gecko.
The leopard gecko is almost dead.
The leopard gecko bites you.
* * * LOW HITPOINT WARNING * * *
The hobgoblin misses you. The leopard gecko misses you.
The leopard gecko closely misses you. The hobgoblin closely misses you.
You open the door. The leopard gecko barely misses you.
A rat comes into view.
Found a stone staircase leading down.
There is an open door here.
It was a potion of flight.
You feel very buoyant.
You fly up into the air.
The hobgoblin hits you but does no damage.
You hit the hobgoblin.
You bite the hobgoblin, but do no damage.
The hobgoblin is heavily wounded.
The hobgoblin hits you with a +0 club.
You die...

#......≈ #.>......#
#......≈ #........#
#....... #.....r..#
#.#..... #........#
#.##.... #........#
###.##..##
#........#
#...#≈####
#........# #...## ##
#@# ###...## ##.
#g#####.'....# #..
##lK..##.#....###..
#.....##.#....#....
#..†#.##.#...)#.#.#
##.#...##.#....#.#..
#..#.####.#....#.###
#..........###.#....
#..#.####..# #.#####


You could see a leopard gecko, a hobgoblin, a kobold and a rat.

Vanquished Creatures
  An ooze (D:1)
  2 leopard geckos (D:1)
  A goblin (D:1)
  A ball python (D:1)
  A bat (D:1)
  3 frilled lizards (D:1)
  3 kobolds (D:1)
  A rat (D:1)
13 creatures vanquished.

Notes
Turn   | Place    | Note
-------+----------+-------------------------------------------
     0 | D:1      | Glokmah the Vine Stalker Enchanter began the quest for the
                  | Orb.
     0 | D:1      | Reached XP level 1. HP: 9/9 MP: 4/4
    95 | D:1      | Reached skill level 1 in Short Blades
   334 | D:1      | Reached XP level 2. HP: 13/13 MP: 6/6
   370 | D:1      | Learned a level 2 spell: Ensorcelled Hibernation
   670 | D:1      | Slain by a hobgoblin

Illustrated notes

Levels and vault maps discovered:
D:1:      enne_arrival_octagon_isle, layout_basic, chequers_garden,
          minmay_misc_feat_columns, nrook_loot_triangle, st_stairs_5

Skill      XL: |  1 |
---------------+----+-----
Short Blades   | 1 |  1.3
Fighting       | |  0.2
Dodging        | |  1.8
Stealth        | |  3.8
Spellcasting   | |  2.3
Hexes          | |  3.2

Action                   || total
-------------------------++-------
Melee: Dagger            ||    28
       Bite              ||     3
  Use: Potion            ||     1
 Stab: Sleeping          ||     5
Armor: Robe              ||     1
Dodge: Dodged            ||    25

Table legend: (Time is in decaauts)
 A = Elapsed time spent in this place.
 B = Non-inter-level travel time spent in this place.
 C = Inter-level travel time spent in this place.
 D = Time resting spent in this place.
 E = Time spent auto-exploring this place.
 F = Levels seen in this place.
 G = Mean time per level.
                   A        B        C        D        E       F      G
               +--------+--------+--------+--------+--------+-----+--------+
         Total |    668 |    668 |      0 |      0 |    532 |   1 |  668.0 |
       Dungeon |    668 |    668 |      0 |      0 |    532 |   1 |  668.0 |
               +--------+--------+--------+--------+--------+-----+--------+
